 Dungeon Crawl Stone Soup version 0.27-a0-151-g9286b66fa0 (webtiles) character file.

Game seed: 2926157436509867377

479 Bapho the Slasher (level 6, 0/49 HPs)
             Began as a Demonspawn Berserker on Jan 27, 2021.
             Was a Priest of Trog.
             Slain by Menkaure (18 damage)
             ... on level 4 of the Dungeon.
             The game lasted 00:06:51 (3133 turns).

Bapho the Slasher (Demonspawn Berserker)            Turns: 3133, Time: 00:06:52

Health: 0/49       AC: 10    Str: 18    XL:     6   Next: 86%
Magic:  6/6        EV:  8    Int:  8    God:    Trog [***...]
Gold:   170        SH:  0    Dex: 14    Spells: 5/5 levels left

rFire    . . .     SeeInvis .   t - +0 long sword
rCold    . . .     Faith    .   (no shield)
rNeg     + . .     Spirit   .   f - +0 chain mail
rPois    .         Reflect  .   (no helmet)
rElec    .         Harm     .   m - +0 cloak
rCorr    .         Rampage  .   (no gloves)
Will     .....                  (no boots)
Stlth    ..........             (no amulet)
HPRegen  0.16/turn              s - ring of positive energy
MPRegen  0.10/turn              (no ring)

@: no status effects
A: talons 1
a: Renounce Religion, Berserk, Trog's Hand


You were on level 4 of the Dungeon.
You worshipped Trog.
Trog was most pleased with you.
You visited 1 branch of the dungeon, and saw 4 of its levels.

You collected 170 gold pieces.

Inventory:

Hand Weapons
 a - a +0 falchion
 t - a +0 long sword (weapon)
Missiles
 c - 67 stones (quivered)
Armour
 b - a +0 animal skin
 d - a +0 ring mail
 f - a +0 chain mail (worn)
 m - a +0 cloak (worn)
Jewellery
 s - a ring of positive energy (left hand)
 v - an uncursed amulet of inaccuracy
Wands
 q - a wand of enslavement (4)
Scrolls
 g - 2 scrolls of enchant armour
 j - a scroll of remove curse
 l - 2 scrolls of magic mapping {unknown}
 n - a scroll of identify
Potions
 e - 2 potions of attraction
 h - a potion of haste
 i - 2 potions of heal wounds
 k - 2 potions of curing
 p - a potion of brilliance


   Skills:
 + Level 4.4 Fighting
 * Level 4.9 Long Blades
 + Level 3.3 Armour
 + Level 3.3 Dodging


You had 5 spell levels left.
You didn't know any spells.
Your spell library was empty.

Dungeon Overview and Level Annotations

Branches:
Dungeon (4/15)
 Temple: D:4-7

Altars:
Gozag
Qazlal

Shops:
D:2 *

Annotations:
D:4 Menkaure


Innate Abilities, Weirdness & Mutations

You have sharp toenails.


Message History

Items here: )) [[[ †††.
Menkaure calls on the powers of darkness!
Your body is wracked with pain!
You see here 2 silver boomerangs.
There is a stone staircase leading up here.
You climb upwards.
There is a stone staircase leading down, spattered with blood here.
You start resting.
HP restored.
You start waiting.
Done waiting.
You climb downwards.
Level annotation: Menkaure
There is a stone staircase leading up here.
Menkaure calls on the powers of darkness!
Your body is wracked with pain!
Menkaure calls on the powers of darkness!
Your body is wracked with pain!
Menkaure hits you!!
You die...

.....# #...(#
## .....# # ...
#....#.#
....####......#
..#....(....(##
#.....M......(#
#@[((...#
#.####...#
.#####.##### .
..........<.#
...........>#
##..>.......#
#..........#
############


You could see Menkaure.

Vanquished Creatures
  Sigmund (D:2)
  A hound (D:3)
  Ijyb (D:3)
  Natasha (thrice) (D:3)
  A worker ant (D:2)
  4 gnolls (D:2)
  An adder (D:2)
  2 oozes
  4 worms
  3 dart slugs
  2 leopard geckos
  10 orcs
  2 ball pythons
  6 giant cockroaches
  10 goblins
  8 hobgoblins
  2 jackals (D:3)
  2 quokkas
  10 bats
  6 frilled lizards
  9 kobolds
  5 rats
93 creatures vanquished.

Notes
Turn   | Place    | Note
-------+----------+-------------------------------------------
     0 | D:1      | Bapho the Demonspawn Berserker began the quest for the Orb.
     0 | D:1      | Reached XP level 1. HP: 18/18 MP: 1/1
    37 | D:1      | Gained mutation: You have sharp toenails. [demonic
                  | ancestry]
    37 | D:1      | Reached XP level 2. HP: 23/24 MP: 2/2
   748 | D:2      | Reached XP level 3. HP: 27/29 MP: 3/3
  1043 | D:2      | Reached ** piety under Trog
  1044 | D:2      | Reached XP level 4. HP: 35/35 MP: 4/4
  1299 | D:2      | Found a stormy altar of Qazlal.
  1600 | D:2      | Noticed Sigmund
  1601 | D:2      | Found Gozag's Platinum Reserve.
  1601 | D:2      | Found an opulent altar of Gozag.
  1655 | D:2      | Killed Sigmund
  1656 | D:2      | Reached XP level 5. HP: 42/42 MP: 5/5
  1656 | D:2      | Reached XP level 6. HP: 48/48 MP: 6/6
  1905 | D:3      | Noticed Natasha
  1916 | D:3      | Killed Natasha
  1961 | D:3      | Noticed Natasha
  1969 | D:3      | Killed Natasha
  2095 | D:3      | Noticed Ijyb
  2097 | D:3      | Noticed Natasha
  2105 | D:3      | Killed Ijyb
  2106 | D:3      | Killed Natasha
  2206 | D:3      | Reached *** piety under Trog
  2896 | D:4      | Noticed Menkaure
  3133 | D:4      | Slain by Menkaure

Illustrated notes

Levels and vault maps discovered:
D:1:      erik_arrival_cave_to_civilisation [erik_arrival_cave_to_hall],
          layout_basic
D:2:      layout_loops_ring, nicolae_qazlal_eye_of_the_storm,
          nicolae_gozag_zags_fifth_avenue, uniq_sigmund
D:3:      layout_basic, minmay_divided_ellipse, uniq_ijyb, uniq_natasha
D:4:      layout_rooms, minmay_temple_entry_stoned_glass, serial_glass,
          glass_columns_a, glass_columns_a, due_unseen_surprise, uniq_menkaure

Skill      XL: |  1  2  3  4 |
---------------+-------------+-----
Long Blades    | 3 4 |  4.9
Armour         | 2 3 |  3.3
Dodging        | 2 3 |  3.3
Fighting       | 4 |  4.4

Action                   |  1- 3 |  4- 6 || total
-------------------------+-------+-------++-------
Melee: Falchion          |    58 |   116 ||   174
       Kick              |    13 |    52 ||    65
       Long sword        |       |    37 ||    37
Throw: Stone             |    12 |   108 ||   120
Invok: Berserk           |     2 |     2 ||     4
  Use: Scroll            |     4 |     6 ||    10
Armor: Animal skin       |     5 |       ||     5
       Chain mail        |    32 |    74 ||   106
Dodge: Dodged            |    29 |    72 ||   101
       Rpst.: Falchion   |     9 |    15 ||    24
       Long sword        |       |     6 ||     6

Table legend: (Time is in decaauts)
 A = Elapsed time spent in this place.
 B = Non-inter-level travel time spent in this place.
 C = Inter-level travel time spent in this place.
 D = Time resting spent in this place.
 E = Time spent auto-exploring this place.
 F = Levels seen in this place.
 G = Mean time per level.
                   A        B        C        D        E       F      G
               +--------+--------+--------+--------+--------+-----+--------+
         Total |   3203 |   3091 |    112 |    342 |   2082 |   4 |  800.8 |
       Dungeon |   3203 |   3091 |    112 |    342 |   2082 |   4 |  800.8 |
               +--------+--------+--------+--------+--------+-----+--------+

Top non-repeatable levels by time:
     D:3: 1215 daAuts
     D:2: 1187 daAuts
     D:1: 732 daAuts
     D:4: 68 daAuts
